AoeStats
← digitallimao

Fortress

509752487Analyzed
3v3 RM · 3d ago on Sep 27, 2026· 40m 8s· 6 players
Game mode
Random Map
Map size
Large (8 player)
Population
200
Speed
Normal
Resources
Standard
Victory
Conquest
Starting age
Dark Age
Ending age
Imperial Age
RankedLock teamsTeams togetherTeam positionsShared explorationLock speedFull tech treeHidden civsTurbo modeCheats
Victory
Defeat
🇧🇷 Varangians · Brazil
1472
+11
🇧🇷 Mongols · Brazil
1447
+12
🇧🇷 Franks · Brazil
1261
+20
🇧🇷 Aztecs · Brazil
1398
-16
🇩🇪 Saxons · Germany
1338
-14
🇨🇿 Spanish · Czechia
1314
-13
Tonix
7:08 Feudal Age
11:11 Castle Age
9:00 Double-Bit Axe
9:21 Horse Collar
10:09 Padded Archer Armor
15:38 Loom
19:05 Bloodlines
27:20 Husbandry
27:37 Leather Archer Armor
31:05 Imperial Age
29:14 Wheelbarrow
29:43 Bow Saw
31:21 Hand Cart
31:33 Elite Conquistador
33:48 Ballistics
35:34 Fortified Wall
36:35 Scale Barding Armor
36:32 Cavalier
37:38 Conscription
38:20 Chain Barding Armor
38:10 Forging
39:49 Plate Barding Armor
39:15 Paladin
Muniz
8:02 Feudal Age
8:53 Double-Bit Axe
11:34 Castle Age
10:44 Horse Collar
12:26 Bow Saw
17:54 Loom
17:56 Town Watch
18:52 Wheelbarrow
19:30 Heavy Plow
19:29 Pikeman
20:10 Squires
20:22 Forging
20:12 Scale Mail Armor
21:12 Gold Mining
21:12 Stone Mining
22:01 Iron Casting
22:30 Hand Cart
23:29 Chain Mail Armor
24:37 Arson
28:29 Imperial Age
29:53 Plate Mail Armor
30:24 Blast Furnace
31:24 Elite Jaguar Warrior
32:43 Conscription
32:55 Garland Wars
33:47 Fletching
33:37 Capped Ram
34:55 Siege Ram
mat.hey
7:25 Feudal Age
11:01 Castle Age
9:12 Double-Bit Axe
9:32 Horse Collar
12:36 Scale Mail Armor
12:51 Squires
17:32 Fletching
20:28 Chain Mail Armor
20:41 Bow Saw
21:55 Elite Skirmisher
22:36 Padded Archer Armor
26:17 Forging
26:28 Bodkin Arrow
27:40 Heavy Plow
32:00 Imperial Age
30:20 Ballistics
31:00 Wheelbarrow
30:16 Loom
30:53 Leather Archer Armor
31:19 Thumb Ring
32:31 Hand Cart
32:02 Town Watch
32:45 Bracer
33:15 Ring Archer Armor
32:42 Elite Hearth Troop
34:18 Fortified Wall
35:09 Chemistry
34:29 Guard Tower
34:25 Arrowslits
34:52 Masonry
35:27 Ring Archer Armor
37:53 Hoardings
37:15 Murder Holes
37:18 Shield Wall
digitallimao
7:26 Feudal Age
11:37 Castle Age
9:38 Horse Collar
10:39 Double-Bit Axe
12:34 Bow Saw
16:02 Loom
20:22 Wheelbarrow
20:00 Town Watch
22:40 Gold Mining
22:53 Heavy Plow
23:17 Husbandry
23:27 Bloodlines
23:35 Forging
24:18 Scale Barding Armor
24:54 Hand Cart
27:28 Chain Barding Armor
27:51 Stone Mining
29:00 Iron Casting
27:58 Light Cavalry
29:27 Fletching
31:13 Bodkin Arrow
35:10 Imperial Age
33:50 Ballistics
35:21 Elite Jarl
36:37 Plate Barding Armor
36:57 Conscription
38:03 Blast Furnace
37:41 Siege Engineers
38:23 Arson
38:41 Hussar
40:07 Bracer
41:08 Chemistry
rick rush
8:11 Feudal Age
9:25 Double-Bit Axe
12:14 Castle Age
10:44 Fletching
10:55 Padded Archer Armor
11:15 Horse Collar
11:26 Gold Mining
12:17 Wheelbarrow
12:04 Bloodlines
13:00 Bodkin Arrow
14:22 Loom
18:25 Husbandry
20:11 Leather Archer Armor
21:52 Bow Saw
22:43 Ballistics
26:39 Gold Shaft Mining
31:32 Imperial Age
29:34 Fortified Wall
29:20 Murder Holes
29:40 Masonry
31:50 Elite Mangudai
33:05 Bracer
34:44 Chemistry
35:21 Parthian Tactics
35:02 Thumb Ring
36:27 Heavy Plow
36:58 Conscription
36:15 Light Cavalry
37:18 Caravan
dUdUPitBuLL
7:12 Feudal Age
5:28 Loom
11:59 Castle Age
10:09 Double-Bit Axe
11:08 Gold Mining
11:36 Fletching
13:14 Bow Saw
19:18 Town Watch
21:02 Wheelbarrow
22:11 Scale Mail Armor
22:08 Stone Mining
23:46 Forging
23:33 Bodkin Arrow
23:55 Chain Mail Armor
27:42 Imperial Age
27:04 Hand Cart
26:50 Town Patrol
27:08 Squires
26:54 Arson
28:59 Conscription
28:04 Elite Throwing Axeman
29:56 Hoardings
31:52 Conscription
35:02 Masonry
34:49 Murder Holes
34:35 Treadmill Crane
36:01 Chemistry
36:34 Architecture
40:48 Iron Casting
40:44 Plate Mail Armor
Connection lost

Rejoining the realm…

Still unreachable

The connection could not be restored.

Session expired

The server has moved on; the page needs a fresh start.